 Dungeon Crawl Stone Soup version 0.31-a0-1576-ga3383bade6 (webtiles) character file.

Game seed: 12522885292002272076

179 sircluck the Ruffian (level 5, 0/52 HPs)
             Began as a Troll Berserker on Dec 4, 2023.
             Was a Believer of Trog.
             Slain by a gnoll
             ... wielding a +0 spear
              (3 damage)
             ... on level 4 of the Dungeon on Jan 4, 2024.
             The game lasted 00:02:47 (1913 turns).

sircluck the Ruffian (Troll Berserker)              Turns: 1913, Time: 00:02:48

Health: 0/52       AC:  4    Str: 27    XL:     5   Next: 32%
Magic:  4/4        EV: 10    Int:  3    God:    Trog [**....]
Gold:   222        SH:  0    Dex:  9    Spells: 4/4 levels left

rFire   . .          .
                       - Unarmed
rCold   . . .        (no shield)
rNeg    . . .        a - +0 animal skin
rPois   .            (helmet restricted)
rElec   .            (no cloak)
rCorr   .            (gloves unavailable)
SInv    .            (boots unavailable)
Will    .....        (no amulet)
Stlth   +            (no ring)
HPRegen 1.08/turn    (no ring)
MPRegen 0.09/turn

%: no passive effects
@: no status effects
A: large, unfitting armour, claws 3, regeneration 1, shaggy fur 1, tough skin 1
a: Renounce Religion, Berserk, Trog's Hand


You were on level 4 of the Dungeon.
You worshipped Trog.
Trog was pleased with you.
You visited 1 branch of the dungeon, and saw 4 of its levels.

You collected 222 gold pieces.

Inventory:

Armour
 a - a +0 animal skin (worn)
Jewellery
 i - an amulet of guardian spirit
 l - a +6 ring of dexterity
 s - a ring of resist corrosion
 t - a ring of protection from cold
Wands
 r - a wand of charming (5)
Scrolls
 c - 2 scrolls of identify {unknown}
 e - a scroll of vulnerability {unknown}
 h - a scroll of fog {unknown}
 k - 4 scrolls of fear {unknown}
 n - a scroll of silence {unknown}
 o - a scroll of enchant weapon {unknown}
Potions
 b - 2 potions of haste {unknown}
 d - a potion of curing {unknown}
 f - a potion of heal wounds {unknown}
 g - a potion of mutation {unknown}
 j - a potion of brilliance {unknown}
 m - a potion of might {unknown}
 p - a potion of attraction {unknown}
 q - a potion of magic {unknown}


   Skills:
 + Level 2.8 Fighting
 + Level 3.4 Dodging
 + Level 0.6 Stealth
 + Level 4.6 Unarmed Combat


You had 4 spell levels left.
You didn't know any spells.
Your spell library was empty.

Dungeon Overview and Level Annotations

Branches:
Dungeon (4/15)
 Temple: D:4-7

Altars:
Cheibriados
Nemelex Xobeh


Innate Abilities, Weirdness & Mutations

You are too large for most types of armour.
You have claws for hands.
Your natural rate of healing is unusually fast.
You are covered in fur. (AC +1)
You have tough skin. (AC +1)


Message History

You are too injured to fight recklessly!
You are too injured to fight recklessly!
You are too injured to fight recklessly!
You are too injured to fight recklessly!
You are too injured to fight recklessly!
You are too injured to fight recklessly!
You are too injured to fight recklessly!
You are too injured to fight recklessly!
You are too injured to fight recklessly!
You are too injured to fight recklessly!
You are too injured to fight recklessly!
You are too injured to fight recklessly!
You are too injured to fight recklessly!
You are too injured to fight recklessly!
You are too injured to fight recklessly!
You are too injured to fight recklessly!
Unknown command.
Unknown command.
Unknown command.
Okay, then.
You claw the gnoll!
The gnoll is almost dead.
The gnoll barely misses you. The gnoll hits you with a +0 spear.
The gnoll hits you from afar with a +0 spear!
You barely miss the gnoll.
The gnoll is almost dead.
The gnoll hits you but does no damage. The gnoll hits you with a +0 spear!
* * * LOW HITPOINT WARNING * * *
The gnoll hits you from afar with a +0 spear.
* * * LOW HITPOINT WARNING * * *
The gnoll attacks as it pursues you! The gnoll hits you with a +0 whip.
* * * LOW HITPOINT WARNING * * *
The gnoll attacks as it pursues you!
The gnoll hits you from afar with a +0 spear.
* * * LOW HITPOINT WARNING * * *
You scratch the gnoll.
You kill the gnoll!
Trog accepts your kill.
The gnoll hits you from afar with a +0 spear.
You die...

#...........#
####.########
####.#########
#............#
#............#
#............#
#..........[.#
#............#
#..@.........#
##.)..........#
###.g.###########
#..g###
......)..#
.........#
.........#
...>.....#
.........#


You could see 2 gnolls.

Vanquished Creatures
  A hound (D:4)
  2 jellies (D:4)
  2 gnolls (D:4)
  An adder (D:3)
  A ribbon worm (D:3)
  5 dart slugs
  6 orcs
  6 bats
  3 endoplasms
  A giant cockroach (D:1)
  2 goblins (D:4)
  10 hobgoblins
  A jackal (D:3)
  2 frilled lizards (D:1)
  4 kobolds
  3 rats
50 creatures vanquished.

Notes
Turn   | Place    | Note
-------+----------+-------------------------------------------
     0 | D:1      | sircluck the Troll Berserker began the quest for the Orb.
     0 | D:1      | Reached XP level 1. HP: 22/22 MP: 0/0
   130 | D:1      | Found Esyroyts's Vocational Training.
   137 | D:1      | Reached XP level 2. HP: 29/29 MP: 1/1
   686 | D:3      | Found a sparkling altar of Nemelex Xobeh.
   701 | D:3      | Found a snail-covered altar of Cheibriados.
   816 | D:3      | Reached XP level 3. HP: 35/36 MP: 2/2
   816 | D:3      | Upgraded the game from 0.31-a0-1074-g0b22e4e0f1 to
                  | 0.31-a0-1576-ga3383bade6
  1541 | D:4      | Reached skill level 4 in Unarmed Combat
  1541 | D:4      | Reached XP level 4. HP: 41/44 MP: 3/3
  1548 | D:4      | Reached ** piety under Trog
  1579 | D:4      | Reached XP level 5. HP: 52/52 MP: 4/4
  1679 | D:4      | Identified the +3 dagger "Loeskuez" {freeze, rElec Dex+3}
  1887 | D:4      | Identified the +1 helmet "Zugymar" {Will- rCorr Int+6
                  | Stlth+}
  1912 | D:4      | HP: 2/52 [gnoll/+0 spear (1)]
  1913 | D:4      | Slain by a gnoll

Illustrated notes

Levels and vault maps discovered:
D:1:      lemuel_arrival_lava_pool, layout_loops_cross, st_stairs_9,
          hangedman_decor_clover_reticule, nicolae_shop_vocational
D:2:      layout_basic, shapermc_ecumenical_altar_gd
D:3:      kennysheep_six_static_rooms, layout_loops_ring,
          mainiacjoe_overflow_large_starburst
D:4:      layout_basic, serial_bayou_pond_c

Skill      XL: |  1  2  3 |
---------------+----------+-----
Dodging        | 3 |  3.4
Unarmed Combat | 4 |  4.6
Fighting       | |  2.8
Stealth        | |  0.6

Action                     |  1- 3 |  4- 6 || total
---------------------------+-------+-------++-------
  Melee: Unarmed           |    79 |    36 ||   115
   Stab: Sleeping          |     1 |       ||     1
 Armour: Animal skin       |    47 |    33 ||    80
  Dodge: Dodged            |    35 |    23 ||    58

Table legend: (Time is in decaauts)
 A = Elapsed time spent in this place.
 B = Non-inter-level travel time spent in this place.
 C = Inter-level travel time spent in this place.
 D = Time resting spent in this place.
 E = Time spent auto-exploring this place.
 F = Levels seen in this place.
 G = Mean time per level.
                   A        B        C        D        E       F      G
               +--------+--------+--------+--------+--------+-----+--------+
         Total |   1904 |   1831 |     73 |      0 |   1502 |   4 |  476.0 |
       Dungeon |   1904 |   1831 |     73 |      0 |   1502 |   4 |  476.0 |
               +--------+--------+--------+--------+--------+-----+--------+

Top non-repeatable levels by time:
     D:3: 755 daAuts
     D:1: 678 daAuts
     D:4: 465 daAuts
     D:2: 5 daAuts
